 Dungeon Crawl Stone Soup version 0.31-a0-182-gc5ef74bbde (webtiles) character file.

Game seed: 14508189888669168955

53158 pokeman the Eclecticist (level 14, -3/82 HPs)
             Began as a Deep Elf Hedge Wizard on June 20, 2023.
             Was an Elder of Vehumet.
             Succumbed to a cane toad's poison
             ... on level 4 of the Lair of Beasts on June 21, 2023.
             The game lasted 01:17:25 (23539 turns).

pokeman the Eclecticist (Deep Elf Hedge Wizard)    Turns: 23539, Time: 01:17:26

Health: -3/82      AC:  9    Str:  5    XL:     14   Next: 29%
Magic:  39/39      EV: 11    Int: 31    God:    Vehumet [****..]
Gold:   402        SH:  5    Dex: 14    Spells: 34/52 levels left

rFire   . . .        W - +2 dagger (venom)
rCold   . . .        V - +0 buckler
rNeg    . . .        B - +1 leather armour {rPois}
rPois   +            M - +0 helmet of the Okapi {rPois Str-2 SInv}
rElec   .            s - +0 cloak
rCorr   .            k - +0 pair of gloves
SInv    +            b - +0 pair of boots
Will    +....        O - amulet of the acrobat
Stlth   ++           u - ring of wizardry
HPRegen 0.33/turn    C - +6 ring of intelligence
MPRegen 0.26/turn

%: acrobat, wizardry (x1)
@: lethally poisoned (-3 -> -17), studying Fighting
A: no striking features
a: Renounce Religion


You were on level 4 of the Lair of Beasts.
You worshipped Vehumet.
Vehumet was greatly pleased with you.
You visited 3 branches of the dungeon, and saw 20 of its levels.
You also visited: Ossuary.

You collected 1522 gold pieces.
You spent 1120 gold pieces at shops.

Inventory:

Hand Weapons
 W - a +2 dagger of venom (weapon)
Missiles
 Q - 3 curare-tipped darts
Armour
 b - a +0 pair of boots (worn)
 k - a +0 pair of gloves (worn)
 s - a +0 cloak (worn)
 B - a +1 leather armour of poison resistance (worn)
 M - the +0 helmet of the Okapi (worn) {rPois Str-2 SInv}
   (You found it on level 6 of the Dungeon)

   Str:       It affects your strength (-2).
   rPois:     It protects you from poison.
   SInv:      It lets you see invisible.
 V - a +0 buckler (worn)
 X - a +2 robe of cold resistance
Magical Staves
 e - a staff of air
Jewellery
 u - a ring of wizardry (left hand)
 C - a +6 ring of intelligence (right hand)
 O - an amulet of the acrobat (around neck)
Wands
 h - a wand of paralysis (3)
 l - a wand of quicksilver (20)
 p - a wand of digging (14)
 D - a wand of polymorph (6)
 H - a wand of roots (27)
Scrolls
 c - 2 scrolls of fear
 g - a scroll of enchant armour
 m - 12 scrolls of teleportation
 n - a scroll of silence
 r - a scroll of amnesia
 N - 2 scrolls of blinking
 S - 2 scrolls of revelation
Potions
 a - 3 potions of resistance
 d - 2 potions of magic
 f - a potion of might
 j - 4 potions of brilliance
 o - 2 potions of cancellation {unknown}
 q - 10 potions of curing {unknown}
 t - 4 potions of attraction {unknown}
 x - 2 potions of mutation {unknown}
 A - 3 potions of heal wounds {unknown}
 E - 3 potions of haste {unknown}
 F - 4 potions of lignification {unknown}
 L - 5 potions of enlightenment {unknown}
 P - a potion of ambrosia {unknown}
 Y - 2 potions of berserk rage {unknown}


   Skills:
 + Level 7.6 Fighting
 + Level 4.9 Armour
 - Level 3.0 Dodging
 - Level 3.0 Stealth
 - Level 6.0 Shields
 * Level 19.5 Spellcasting
 + Level 11.8 Conjurations
 - Level 7.0 Summonings
 - Level 1.1 Translocations
 + Level 8.9 Fire Magic
 - Level 1.0 Air Magic
 + Level 8.1 Earth Magic
 - Level 1.0 Poison Magic
 - Level 1.0 Evocations


You had 34 spell levels left.
You knew the following spells:

 Your Spells              Type           Power      Damage    Failure   Level
a - Magic Dart            Conj           100%       1d8       1%          1
b - Mephitic Cloud        Conj/Pois/Air  56%        N/A       1%          3
c - Call Imp              Summ           100%       N/A       1%          2
d - Blink                 Tloc           74%        N/A       1%          2
e - Flame Wave            Conj/Fire      76%        2d17      1%          4
f - Leda's Unmaking       Conj/Erth      37%        9d7       1%          6

Your spell library contained the following spells:

 Spells                   Type           Power      Damage    Failure   Level
 Iskenderun's Battlesphe  Conj           80%        2d13      1%          5
 Freeze                   Ice            100%       1d10      1%          1
 Slow                     Hex            100%       N/A       1%          1
 Cigotuvi's Dreadful Rot  Necr/Pois/Air  68%        N/A       1%          2
 Ensorcelled Hibernation  Hex/Ice        60%        N/A       1%          2
 Call Canine Familiar     Summ           65%        N/A       1%          3
 Inner Flame              Hex/Fire       55%        N/A       1%          3
 Sticky Flame             Conj/Fire      76%        2d9       1%          4
 Lee's Rapid Deconstruct  Erth           34%        3d17*     1%          5
 Gell's Gravitas          Tloc           37%        N/A       2%          3
 Leda's Liquefaction      Hex/Erth       26%        N/A       2%          4
 Portal Projectile        Hex/Tloc       66%        N/A       3%          3
 Spider Form              Tmut/Pois      33%        N/A       3%          3
 Anguish                  Hex/Necr       15%        N/A       13%         4
 Dispel Undead            Necr           30%        3d14      13%         4
 Statue Form              Tmut/Erth      35%        N/A       34%         6
 Death Channel            Necr           15%        N/A       86%         6
 Malign Gateway           Summ/Tloc      26%        N/A       87%         7
 Polar Vortex             Ice            15%        N/A       100%        9


Dungeon Overview and Level Annotations

Branches:
Dungeon (14/15)            Temple (1/1) D:5            Lair (5/5) D:10
 Shoals (0/4) Lair:3        Snake (0/4) Lair:3          Orc (0/2) D:9
 Vaults (0/5) D:14        Ossuary (visited)
  Slime: Lair:4-5

Altars:
Ashenzari
Cheibriados
Dithmenos
Fedhas
Kikubaaqudgha
Makhleb
Nemelex Xobeh
Okawaru
Qazlal
Ru
Sif Muna
Trog
Uskayaw
Vehumet
Wu Jian
Xom
Yredelemnul
Zin
The Shining One

Shops:
D:5 :

Annotations:
D:10 3 runed translucent doors, olmar's ghost, journeyman AtFi
D:14 exclusion: 2 upstairs, Rupert


Message History

The blink frog is severely wounded.
You finish channelling waves of flame.
You hear a loud, deep croak! x2
The black mamba completely misses you.
The blink frog hits the cane toad!
The cane toad is killed!
Vehumet accepts your kill. You block the goliath frog's attack.
The blink frog completely misses you.
The dream sheep is engulfed in noxious fumes.
The dream sheep ruffle their wool and motes of dream dust sparkle, to no effect.
The blink frog blinks!
A dream sheep comes into view.
The black mamba misses you.
A tyrant leech comes into view.
The blink frog hits the black mamba!
The black mamba is killed!
Vehumet accepts your kill.
You feel your power returning.
The blink frog blinks!
The goliath frog hits you from afar.
You are splashed with acid!
The dream sheep is engulfed in noxious fumes.
The dream sheep appears confused.
The blink frog blinks!
The torpor snail misses you.
The dream sheep are wreathed in dream dust.
You feel drowsy...
You fall asleep.
You wake up.
Unknown command.
The blink frog hits the cane toad!
The blink frog blinks!
The cane toad stings you!!
* * * LOW HITPOINT WARNING * * *
The goliath frog hits you but does no damage.
The dream sheep is engulfed in noxious fumes.
The dream sheep bites the cane toad.
The blink frog hits the cane toad.
The blink frog blinks!
The cane toad stings you!
* * * LOW HITPOINT WARNING * * *
You are lethally poisoned!
The cane toad poisons you!
The torpor snail barely misses the blink frog.
The goliath frog barely misses you.
You climb upwards.
You feel yourself speed up.
You die...

+.## ##.............## #.. ..##
#..............#####.. ...#
#...###.#............. <.⌠#
#....#######.......... ...#
#...## #####..#.......
⌠..#########..#####.##...######..
##†.##.#.##...#.##.#.##..# ###..
.........................# #.#..
................@F.......## ##...
.†.#.#.P###....#####P.....#####..
...###### #P..## ####...P#.##..
...## #...## #####...........
....# #####...###...............
....####.###...............##.#..
..†###P..#.#.............######..
..............P...##......# #P..
.......)......##.####.P..## ##..


You could see a cane toad.

Vanquished Creatures
  The ghost of Icosk the Cleaver, a journeyman MeRe of Okawaru (Lair:4)
  Josephine (D:10)
  A fire dragon (D:12)
  4 hydras
  2 centaur warriors
  3 boulder beetles
  5 two-headed ogres
  Urug (D:14)
  A skyshark (Lair:4)
  2 deep elf pyromancers (D:12)
  4 cyclopes
  2 ugly things (D:13)
  3 manticores
  Joseph (D:8)
  Maurice (D:8)
  A torpor snail (Lair:4)
  4 black mambas
  12 elephants
  A gargoyle (D:11)
  12 cane toads
  2 unseen horrors (D:12)
  8 rime drakes
  5 komodo dragons
  A wind drake (Lair:2)
  A polar bear (Lair:4)
  2 hornets
  2 trolls
  6 dream sheep (Lair:4)
  16 blink frogs
  7 wraiths
  A shadow (D:11)
  A vampire (D:13)
  2 wyverns
  56 yaks
  Grum (D:8)
  3 basilisks
  A steam dragon (D:9)
  6 vampire mosquitoes
  16 water moccasins
  7 black bears
  2 sky beasts (D:7)
  7 orc warriors
  An ice beast (D:7)
  4 wolves (D:8)
  A centaur (D:10)
  A phantom (D:6)
  Blork the orc (D:5)
  2 kobold brigands (D:8)
  13 bullfrogs
  A gnoll sergeant (D:9)
  5 scorpions
  9 wights
  15 killer bees
  5 orc priests
  4 hounds
  3 jellies (D:5)
  Crazy Yiuf (D:2)
  Terence (D:2)
  A gnoll bouda (D:6)
  2 sleepcaps
  2 iguanas
  10 orc wizards
  9 mummies
  Robin (D:2)
  13 gnolls
  8 adders
  A shadow imp (D:6)
  A white imp (D:5)
  An ufetubus (D:4)
  4 worms
  A dart slug (D:4)
  36 orcs
  A ball python (D:1)
  3 bats
  4 endoplasms
  2 giant cockroaches
  2 gnoll zombies (Ossuary)
  6 hobgoblins
  10 jackals
  3 quokkas
  4 frilled lizards
  15 goblins
  2 hobgoblin zombies (Ossuary)
  18 kobolds
  2 kobold zombies (Ossuary)
  2 orc zombies (Ossuary)
  8 rats
454 creatures vanquished.

Vanquished Creatures (collateral kills)
  A wight (D:7)
  An orc priest (D:5)
  A sleepcap (D:6)
  A gnoll (D:9)
  2 orcs
  6 goblins (D:2)
  A quokka (D:5)
13 creatures vanquished.

Grand Total: 467 creatures vanquished

Notes
Turn   | Place    | Note
-------+----------+-------------------------------------------
     0 | D:1      | pokeman the Deep Elf Hedge Wizard began the quest for the
                  | Orb.
     0 | D:1      | Reached XP level 1. HP: 10/10 MP: 7/7
   468 | D:1      | Reached XP level 2. HP: 15/15 MP: 6/9
  1076 | D:2      | Found a faded altar of an unknown god.
  1099 | D:2      | Reached skill level 5 in Spellcasting
  1099 | D:2      | Reached XP level 3. HP: 17/20 MP: 4/11
  1103 | D:2      | Learned a level 3 spell: Mephitic Cloud
  1106 | D:2      | Learned a level 2 spell: Call Imp
  1109 | D:2      | Learned a level 2 spell: Blink
  1186 | D:2      | Reached skill level 1 in Fighting
  1186 | D:2      | Reached skill level 1 in Armour
  1368 | D:2      | Noticed Terence
  1380 | D:2      | Killed Terence
  1381 | D:2      | Reached XP level 4. HP: 20/25 MP: 7/13
  1701 | D:2      | Noticed Robin
  1734 | D:2      | Killed Robin
  1905 | D:2      | Found a glowing golden altar of the Shining One.
  2227 | D:2      | Found a runed translucent door.
  2228 | D:2      | Noticed Crazy Yiuf
  2340 | D:2      | Killed Crazy Yiuf
  2341 | D:2      | Reached skill level 6 in Spellcasting
  2341 | D:2      | Reached XP level 5. HP: 29/29 MP: 5/15
  3380 | D:3      | Reached skill level 1 in Evocations
  3501 | D:3      | Found an ornate altar of the Wu Jian Council.
  3654 | D:4      | Reached skill level 1 in Poison Magic
  3785 | D:4      | Reached skill level 1 in Air Magic
  3846 | D:4      | Noticed a black bear
  3868 | D:4      | Killed a black bear
  3869 | D:4      | Reached skill level 7 in Spellcasting
  3869 | D:4      | Reached XP level 6. HP: 13/34 MP: 14/18
  4258 | D:5      | Entered Level 5 of the Dungeon
  4263 | D:5      | Noticed a yak
  4268 | D:5      | Noticed a yak
  4271 | D:5      | Noticed a yak
  4274 | D:5      | Noticed a yak
  4276 | D:5      | Noticed a yak
  4280 | D:5      | Noticed a yak
  4283 | D:5      | Killed a yak
  4284 | D:5      | Reached XP level 7. HP: 37/39 MP: 8/20
  4285 | D:5      | Killed a yak
  4286 | D:5      | Reached skill level 8 in Spellcasting
  4290 | D:5      | Killed a yak
  4293 | D:5      | Killed a yak
  4300 | D:5      | Killed a yak
  4301 | D:5      | Reached skill level 9 in Spellcasting
  4301 | D:5      | Reached XP level 8. HP: 42/44 MP: 5/23
  4489 | D:5      | Noticed Blork the orc
  4495 | D:5      | Reached skill level 5 in Conjurations
  4508 | D:5      | Killed Blork the orc
  4680 | D:5      | Found a staircase to the Ecumenical Temple.
  4690 | Temple   | Entered the Ecumenical Temple
  4704 | Temple   | Became a worshipper of Vehumet
  4735 | D:5      | Reached skill level 10 in Spellcasting
  4925 | D:5      | Found Ufrykhee's Self-Improvement Boutique.
  5045 | D:5      | Found a stormy altar of Qazlal.
  5406 | D:6      | Reached XP level 9. HP: 45/48 MP: 14/25
  5409 | D:6      | Reached skill level 5 in Summonings
  5595 | D:6      | Found a sand-covered staircase.
  5608 | Ossuary  | Entered an ossuary
  5633 | Ossuary  | Reached * piety under Vehumet
  5633 | Ossuary  | Offered knowledge of Freeze by Vehumet.
  6269 | D:6      | Reached skill level 11 in Spellcasting
  6647 | D:6      | Identified the +0 helmet of the Okapi {rPois Str-2 SInv}
  6668 | D:6      | Reached ** piety under Vehumet
  6668 | D:6      | Offered knowledge of Scorch by Vehumet.
  7131 | D:7      | Found a shimmering altar of Xom.
  7133 | D:7      | Found a shimmering altar of Xom.
  7134 | D:7      | Found a shimmering altar of Xom.
  7134 | D:7      | Found a shimmering altar of Xom.
  7135 | D:7      | Found a shimmering altar of Xom.
  7135 | D:7      | Found a shimmering altar of Xom.
  7154 | D:7      | Found a shimmering altar of Xom.
  7154 | D:7      | Found a sacrificial altar of Ru.
  7244 | D:7      | Reached skill level 12 in Spellcasting
  7714 | D:7      | Found a shimmering blue altar of Sif Muna.
  8390 | D:8      | Noticed Grum
  8398 | D:8      | Reached XP level 10. HP: 43/56 MP: 24/28
  8398 | D:8      | Offered knowledge of Poisonous Vapours by Vehumet.
  8416 | D:8      | Killed Grum
  8603 | D:8      | Reached *** piety under Vehumet
  8656 | D:8      | Noticed Maurice
  8677 | D:8      | Killed Maurice
  8678 | D:8      | Reached skill level 13 in Spellcasting
  9283 | D:8      | Noticed Joseph
  9301 | D:8      | Killed Joseph
  9404 | D:8      | Learned a level 4 spell: Flame Wave
  9841 | D:9      | Noticed a two-headed ogre
  9862 | D:9      | Killed a two-headed ogre
  9863 | D:9      | Reached skill level 1 in Fire Magic
  9990 | D:9      | Found a hide-covered altar of Uskayaw.
 10269 | D:9      | Offered knowledge of Ignite Poison by Vehumet.
 10702 | D:9      | Reached skill level 14 in Spellcasting
 10824 | D:9      | Found a staircase to the Orcish Mines.
 10987 | D:10     | Entered Level 10 of the Dungeon
 11014 | D:10     | Noticed Josephine
 11039 | D:10     | Killed Josephine
 11149 | D:10     | Reached XP level 11. HP: 57/61 MP: 23/31
 11267 | D:10     | Learned a level 6 spell: Leda's Unmaking
 11349 | D:10     | Reached **** piety under Vehumet
 11351 | D:10     | Offered knowledge of Arcjolt by Vehumet.
 11371 | D:10     | Reached skill level 1 in Shields
 11371 | D:10     | Reached skill level 1 in Earth Magic
 11565 | D:10     | Found a staircase to the Lair.
 11668 | D:10     | Noticed a two-headed ogre
 11674 | D:10     | Killed a two-headed ogre
 11675 | D:10     | Reached skill level 15 in Spellcasting
 11980 | D:10     | Found a runed translucent gate.
 11980 | D:10     | Identified the +6 plate armour of Zeal Gee {rF+ rN+ Dex-5}
 11981 | D:10     | Noticed olmar's ghost (journeyman AtFi)
 11981 | D:10     | Found a runed translucent gate.
 11982 | D:10     | Found a runed translucent gate.
 12184 | D:11     | Noticed a four-headed hydra
 12191 | D:11     | Killed a four-headed hydra
 12378 | D:11     | Noticed a boulder beetle
 12389 | D:11     | Noticed a two-headed ogre
 12766 | D:11     | Killed a two-headed ogre
 12767 | D:11     | Reached skill level 5 in Fire Magic
 12952 | D:11     | Killed a boulder beetle
 13190 | D:11     | Reached skill level 16 in Spellcasting
 13853 | D:12     | Reached XP level 12. HP: 66/66 MP: 21/34
 13929 | D:12     | Noticed a centaur warrior
 13982 | D:12     | Killed a centaur warrior
 13997 | D:12     | Noticed a two-headed ogre
 14151 | D:12     | Noticed a two-headed ogre
 14156 | D:12     | Killed a two-headed ogre
 14252 | D:12     | Noticed a boulder beetle
 14263 | D:12     | Killed a boulder beetle
 14461 | D:12     | Reached skill level 10 in Conjurations
 14536 | D:12     | Killed a two-headed ogre
 14594 | D:12     | Reached skill level 5 in Earth Magic
 14598 | D:12     | Noticed a fire dragon
 14601 | D:12     | Killed a fire dragon
 14934 | D:12     | Reached skill level 17 in Spellcasting
 15686 | D:13     | Noticed a centaur warrior
 15692 | D:13     | Killed a centaur warrior
 16290 | D:5      | Bought a manual of Fighting for 1120 gold pieces
 16486 | D:14     | Noticed Urug
 16486 | D:14     | Noticed a centaur warrior
 16486 | D:14     | Noticed Rupert
 16486 | D:14     | Noticed a death knight
 16486 | D:14     | Found a gate to the Vaults.
 16609 | D:14     | Noticed a boulder beetle
 16640 | D:14     | Killed a boulder beetle
 16860 | D:14     | Noticed a six-headed hydra
 16874 | D:14     | Killed a six-headed hydra
 16951 | D:14     | Killed Urug
 17653 | Lair:1   | Entered Level 1 of the Lair of Beasts
 17829 | Lair:1   | Reached XP level 13. HP: 72/72 MP: 21/36
 17951 | Lair:1   | Reached skill level 5 in Fighting
 18018 | Lair:1   | Reached ***** piety under Vehumet
 18019 | Lair:1   | Reached skill level 5 in Shields
 18219 | Lair:1   | Offered knowledge of Spellforged Servitor by Vehumet.
 18939 | Lair:2   | Reached skill level 18 in Spellcasting
 20404 | Lair:3   | Found a staircase to the Shoals.
 20659 | Lair:3   | Found a staircase to the Snake Pit.
 20699 | Lair:3   | Offered knowledge of Iskenderun's Battlesphere by Vehumet.
 21832 | Lair:4   | Reached skill level 19 in Spellcasting
 22100 | Lair:4   | Reached XP level 14. HP: 82/82 MP: 20/39
 22800 | Lair:4   | Found a runed translucent door.
 22800 | Lair:4   | Noticed Icosk's ghost (journeyman MeRe)
 23123 | Lair:4   | Killed Icosk's ghost
 23321 | Lair:4   | Got the Folio of the Boreal Excursion
 23357 | Lair:5   | Entered Level 5 of the Lair of Beasts
 23538 | Lair:5   | HP: 4/82 [cane toad (16)]
 23539 | Lair:4   | Succumbed to a cane toad's poison

Illustrated notes

Levels and vault maps discovered:
D:1:      dpeg_arrival_houses_and_road, layout_basic
D:2:      layout_basic, chequers_ecumenical_altar_island, basic_altar,
          uniq_terence, uniq_robin, uniq_crazy_yiuf_cottage
D:3:      minmay_general_purpose_star, layout_loops_corners,
          nzn_wu_jian_contemplation
D:4:      layout_rooms
D:5:      layout_rooms, mainiacjoe_overflow_24_doors,
          minmay_temple_entry_stoned_glass, nicolae_shop_self_help,
          uniq_blork_the_orc
D:6:      layout_loops_ring, gup_ossuary_entry_pyramid
D:7:      layout_layer_cave, mainiacjoe_overflow_paths, xom_shifter_show,
          marbit_many_paths
D:8:      layout_layer_cave, uniq_joseph, uniq_grum, uniq_maurice
D:9:      layout_loops_ring, mainiacjoe_overflow_six_doors_small, david_orc_2,
          minmay_stone_trees_small
D:10:     layout_basic, grunt_lair_entry_orc_guard_hut,
          biasface_ghost_orc_armoury, uniq_josephine
D:11:     layout_rooms
D:12:     layout_rooms
D:13:     layout_stronghold
D:14:     layout_roguey, david_vaults_3, chequers_decorated_corner,
          serial_bayou, serial_bayou_pond_b, serial_bayou_shore_a,
          serial_bayou_pond_e, serial_bayou_lagoon_b
Temple:   nicolae_temple_bog_church
Lair:1:   layout_chaotic_city
Lair:2:   layout_long_grid, hangedman_lair_unloving_vines
Lair:3:   layout_loops_ring, minmay_shoals_entry_beasts,
          minmay_snake_entry_six_corridors, lemuel_fruit_tree
Lair:4:   layout_small_grid, ebering_ghost_inner_flame, serial_bayou_shore_b,
          grunt_megastairs_2
Lair:5:   minmay_lair_end_frog_pond, layout_regular_city,
          dpeg_slime_entry_enclosed, infiniplex_staircase_pool, uniq_urug,
          uniq_sonja

Skill      XL: |  1  2  3  4  5  6  7  8  9 10 11 12 13 14 |
---------------+-------------------------------------------+-----
Spellcasting   | 5 6 7 9 10 12 14 16 17 19 | 19.5
Fighting       | 1 2 3 4 7 |  7.6
Armour         | 1 2 3 4 |  4.9
Conjurations   | 2 3 4 5 7 8 9 10 11 | 11.8
Stealth        | 3 |  3.0
Dodging        | 3 |  3.0
Evocations     | 1 |  1.0
Poison Magic   | 1 |  1.0
Air Magic      | 1 |  1.0
Summonings     | 2 3 4 6 7 |  7.0
Fire Magic     | 3 5 7 8 |  8.9
Shields        | 3 4 6 |  6.0
Earth Magic    | 4 6 7 8 |  8.1
Translocations | |  1.1

Action                     |  1- 3 |  4- 6 |  7- 9 | 10-12 | 13-15 || total
---------------------------+-------+-------+-------+-------+-------++-------
  Melee: Dagger            |    29 |    23 |   165 |   149 |    25 ||   391
         Punch             |       |       |     2 |     7 |       ||     9
   Fire: Sling             |       |    63 |    49 |       |       ||   112
   Cast: Magic Dart        |    58 |    79 |   192 |    46 |    22 ||   397
         Mephitic Cloud    |     1 |    10 |    40 |    55 |    13 ||   119
         Call Imp          |     1 |     4 |     8 |     5 |     1 ||    19
         Blink             |       |     3 |     5 |       |     2 ||    10
         Flame Wave        |       |       |       |    27 |    26 ||    53
         Leda's Unmaking   |       |       |       |    97 |   102 ||   199
  Evoke: Wand              |       |       |     2 |       |     3 ||     5
    Use: Scroll            |       |       |       |    15 |     4 ||    19
   Stab: Confused          |     2 |     5 |    31 |    22 |     1 ||    61
 Armour: Robe              |    16 |     7 |       |       |       ||    23
         Leather armour    |       |     6 |    59 |    41 |    25 ||   131
  Dodge: Dodged            |    39 |    32 |   131 |   178 |   104 ||   484
  Block: Buckler           |       |       |       |       |    31 ||    31

Table legend: (Time is in decaauts)
 A = Elapsed time spent in this place.
 B = Non-inter-level travel time spent in this place.
 C = Inter-level travel time spent in this place.
 D = Time resting spent in this place.
 E = Time spent auto-exploring this place.
 F = Levels seen in this place.
 G = Mean time per level.
                   A        B        C        D        E       F      G
               +--------+--------+--------+--------+--------+-----+--------+
         Total |  23651 |  21963 |   1688 |   2606 |  15875 |  21 | 1126.2 |
       Dungeon |  17053 |  15582 |   1471 |   1591 |  11392 |  14 | 1218.1 |
        Temple |     82 |     65 |     17 |      0 |      3 |   1 |   82.0 |
          Lair |   5902 |   5703 |    199 |    870 |   4191 |   5 | 1180.4 |
       Ossuary |    612 |    612 |      0 |    145 |    288 |   1 |  612.0 |
               +--------+--------+--------+--------+--------+-----+--------+

Top non-repeatable levels by time:
  Lair:4: 1845 daAuts
     D:8: 1731 daAuts
    D:10: 1664 daAuts
    D:13: 1559 daAuts
  Lair:3: 1464 daAuts
  Lair:2: 1439 daAuts
     D:7: 1428 daAuts
     D:9: 1409 daAuts
     D:2: 1403 daAuts
     D:6: 1263 daAuts
     D:3: 1159 daAuts
    D:12: 1140 daAuts
  Lair:1: 1129 daAuts
    D:11: 1120 daAuts
     D:1: 1041 daAuts
